 Dungeon Crawl Stone Soup version 0.21-a0-450-gd87a9b2 (webtiles) character file.

6692 slep the Basher (level 10, -2/77 HPs)
             Began as a Demonspawn Monk on Nov 18, 2017.
             Was a High Priest of Okawaru.
             Killed by divine providence
             ... invoked by an orc priest
              (11 damage)
             ... on level 9 of the Dungeon.
             The game lasted 00:46:36 (6478 turns).

slep the Basher (Demonspawn Monk)                   Turns: 6478, Time: 00:46:37

Health: -2/77      AC: 19    Str: 17    XL:     10   Next: 74%
Magic:  10/10      EV: 14    Int: 12    God:    Okawaru [*****.]
Gold:   332        SH:  0    Dex: 23    Spells: 9/9 levels left

rFire    . . .     SeeInvis +   r - +2 whip (venom)
rCold    . . .     Gourm    .   (no shield)
rNeg     . . .     Faith    .   M - +5 scale mail of Starshine {*Drain Regen+ SInv}
rPois    .         Spirit   .   n - +0 helmet
rElec    .         Reflect  .   D - +0 cloak
rCorr    .         Harm     .   w - +2 pair of gloves
MR       .....                  i - +0 pair of boots
Stlth    ++........             O - amulet of magic regeneration
HPRegen  0.62/turn              e - +5 ring of strength
MPRegen  0.37/turn              H - +5 ring of dexterity

@: lethally poisoned (-2 -> -10), drained
A: hooves 1, demonic guardian 1, spiny 1, sturdy frame 2
a: Heroism, Finesse, Renounce Religion


You were on level 9 of the Dungeon.
You worshipped Okawaru.
Okawaru was extremely pleased with you.
You were hungry.

You visited 1 branch of the dungeon, and saw 9 of its levels.
You also visited: Sewer.

You collected 371 gold pieces.
You spent 39 gold pieces at shops.

Inventory:

Hand Weapons
 a - a +0 falchion
 r - a +2 whip of venom (weapon)
Missiles
 E - 75 stones (quivered)
 N - 9 tomahawks
Armour
 i - a +0 pair of boots (worn)
 n - a +0 helmet (worn)
 w - a +2 pair of gloves (worn)
 D - a +0 cloak (worn)
 J - a +2 chain mail of magic resistance
 M - the +5 scale mail of Starshine (worn) {*Drain Regen+ SInv}
   (You found it on level 6 of the Dungeon)

   It lets you see invisible.
   It increases your rate of regeneration.
   It causes draining when unequipped.
Jewellery
 e - a +5 ring of strength (left hand)
 H - a +5 ring of dexterity (right hand)
 O - an amulet of magic regeneration (around neck)
Wands
 b - a wand of flame (22/48)
 m - a wand of random effects (13/48)
 L - a wand of flame (30/48)
Scrolls
 f - a scroll of vulnerability {unknown}
 j - 8 scrolls of immolation {unknown}
 l - 2 scrolls of enchant weapon {unknown}
 q - 9 scrolls of identify {unknown}
 s - 3 scrolls of amnesia {unknown}
 t - 7 scrolls of teleportation
 u - a scroll of fear {unknown}
 y - 3 scrolls of magic mapping {unknown}
 A - 2 scrolls of remove curse {unknown}
 B - a scroll of random uselessness {unknown}
Potions
 g - 3 potions of curing
 o - a potion of agility
 p - a potion of lignification {unknown}
 v - 2 potions of mutation {unknown}
 x - a potion of degeneration {unknown}
 z - 2 potions of flight
 C - 2 potions of invisibility {unknown}
 F - 2 potions of berserk rage
 G - a potion of haste {unknown}
 I - a potion of resistance {unknown}
Books
 K - a book of Callings

   Spells                             Type                      Level
   a - Summon Small Mammal            Summoning                    1
   b - Call Imp                       Summoning                    2
   c - Call Canine Familiar           Summoning                    3
   d - Summon Guardian Golem          Hexes/Summoning              3
   e - Summon Lightning Spire         Summoning/Air                4
   f - Summon Ice Beast               Ice/Summoning                4
Comestibles
 c - 4 bread rations
 d - a fruit
 h - 2 meat rations
 k - 2 royal jellies
 P - 23 chunks of flesh


   Skills:
 + Level 6.3(5.7) Fighting
 + Level 4.4(3.8) Long Blades
 + Level 9.8(9.1) Maces & Flails
 + Level 6.7(6.1) Armour
 + Level 5.3(4.7) Dodging
 + Level 5.5(4.9) Stealth


You had 9 spell levels left.
You didn't know any spells.

Dungeon Overview and Level Annotations

Branches:
Dungeon (9/15)             Temple (0/1) D:6            Lair (0/6) D:9
    Orc: D:9-12

Altars:
Ashenzari
Dithmenos
Fedhas
Gozag
Okawaru
Sif Muna
Uskayaw
Vehumet

Shops:
D:4 ?   D:5 =   D:8 (


Innate Abilities, Weirdness & Mutations

You have large cloven feet.
A weak demonic guardian rushes to your aid.
You are partially covered in sharp spines.
Your movements are less encumbered by armour. (ER -4)


Message History

* * * LOW HITPOINT WARNING * * *
You feel sick.
Your ufetubus hits the wight but does no damage.
Your ufetubus misses the wight.
* * * LOW HITPOINT WARNING * * *
You feel sick.
Your ufetubus barely misses the wight.
Your ufetubus closely misses the wight.
Your ufetubus hits the wight but does no damage.
Your ufetubus closely misses the wight.
An orc priest comes into view. It is wielding a hand axe.
* * * LOW HITPOINT WARNING * * *
You feel sick.
The orc priest looks encouraged for a moment.
Your ufetubus barely misses the centaur.
Your ufetubus hits the centaur.
* * * LOW HITPOINT WARNING * * *
You feel sick.
The orc priest invokes the aid of Beogh against you.
Beogh smites you!
You die...

.......................
#...........)().....o.
#...........(........
#..........5........
#.........c.......#
##........z......##
##.............##
##...........##
##.)...@...##
##..))...## ##.<<<)##
#######


You could see a centaur, a wight, an orc priest and a friendly ufetubus.

Vanquished Creatures
  A hydra (D:9)
  Prince Ribbit (D:6)
  The ghost of Lliillii the Twirler, an amateur DsGl (D:4)
  Sigmund (D:3)
  A hippogriff (D:7)
  8 yaks
  5 porcupines (D:9)
  Purgy (Sewer)
  An orc warrior (D:8)
  4 ice beasts
  A sky beast (D:7)
  4 ogres
  A centaur (D:7)
  2 big kobolds
  2 bullfrogs
  2 jellies
  2 scorpions
  2 killer bees (D:9)
  7 wights
  2 howler monkeys (D:8)
  5 crimson imps
  A centaur zombie (D:4)
  A centaur skeleton (D:6)
  9 orc priests
  5 hounds
  A bullfrog skeleton (D:7)
  2 iguanas
  6 worker ants
  Natasha (twice) (D:2)
  4 orc wizards
  A hound zombie (D:8)
  A hound skeleton (D:4)
  A howler monkey zombie (D:4)
  2 worker ant zombies
  Robin (D:2)
  A howler monkey skeleton (D:8)
  12 adders
  6 gnolls (D:5)
  A shadow imp (D:7)
  An ooze (D:6)
  An adder skeleton (D:4)
  An adder zombie (D:4)
  2 worms
  2 dart slugs
  4 leopard geckos
  46 orcs
  5 bats
  7 giant cockroaches
  14 goblins
  10 hobgoblins
  4 jackals (D:2)
  12 kobolds
  6 quokkas
  A ball python zombie (D:4)
  6 frilled lizards
  A giant cockroach zombie (D:4)
  A jackal skeleton (D:6)
  A jackal zombie (D:4)
  A leopard gecko skeleton (D:4)
  6 rats
  A fungus (D:9)
244 creatures vanquished.

Vanquished Creatures (collateral kills)
  2 yaks
  A sky beast (D:5)
  A black bear (D:6)
  2 wights
  A howler monkey (D:8)
  A bullfrog zombie (D:7)
  An iguana (D:3)
  A worker ant zombie (D:4)
  An adder (D:3)
  6 orcs
  A goblin (D:3)
18 creatures vanquished.

Vanquished Creatures (others)
  8 fungi (D:9)
  2 plants (D:9)
10 creatures vanquished.

Grand Total: 272 creatures vanquished

Notes
Turn   | Place    | Note
-------+----------+-------------------------------------------
     0 | D:1      | slep the Demonspawn Monk began the quest for the Orb.
     0 | D:1      | Reached XP level 1. HP: 18/18 MP: 1/1
   122 | D:1      | Gained mutation: You are partially covered in sharp spines. [demonic ancestry]
   122 | D:1      | Reached XP level 2. HP: 11/24 MP: 2/2
   469 | D:2      | Reached XP level 3. HP: 29/29 MP: 3/3
   505 | D:2      | Noticed Robin
   525 | D:2      | Killed Robin
   530 | D:2      | HP: 1/29 [hobgoblin/club[Robin] (3)]
   859 | D:2      | Gained mutation: Your movements are slightly less encumbered by armour. (ER -2) [demonic ancestry]
   859 | D:2      | Reached XP level 4. HP: 33/35 MP: 4/4
   874 | D:2      | Noticed Natasha
   951 | D:2      | Killed Natasha
   951 | D:2      | Reached skill level 1 in Armour
   960 | D:2      | Gained mutation: A weak demonic guardian rushes to your aid. [demonic ancestry]
   960 | D:2      | Reached XP level 5. HP: 22/42 MP: 5/5
  1001 | D:2      | Noticed Natasha
  1007 | D:2      | Killed Natasha
  1029 | D:2      | Found an opulent altar of Gozag.
  1759 | D:3      | Found a shattered altar of Ashenzari.
  1834 | D:3      | Found a shadowy altar of Dithmenos.
  1927 | D:3      | Gained mutation: You have large cloven feet. [demonic ancestry]
  1927 | D:3      | Reached XP level 6. HP: 24/48 MP: 6/6
  2004 | D:3      | Noticed Sigmund
  2022 | D:3      | Killed Sigmund
  2022 | D:3      | Reached skill level 1 in Maces & Flails
  2102 | D:3      | Found a glowing drain.
  2119 | Sewer    | Entered a sewer
  2129 | Sewer    | Noticed Purgy
  2135 | Sewer    | Killed Purgy
  2135 | Sewer    | Reached skill level 2 in Maces & Flails
  2135 | Sewer    | Gained mutation: Your movements are less encumbered by armour. (ER -4) [demonic ancestry]
  2135 | Sewer    | Reached XP level 7. HP: 44/54 MP: 7/7
  2604 | D:4      | Noticed Lliillii's ghost (amateur DsGl)
  2642 | D:4      | Killed Lliillii's ghost
  2642 | D:4      | Reached skill level 3 in Maces & Flails
  3066 | D:4      | Found Faockimo's Magic Scroll Boutique.
  3070 | D:4      | Bought a scroll of teleportation for 39 gold pieces
  3268 | D:4      | Reached XP level 8. HP: 43/61 MP: 8/8
  3386 | D:4      | Reached skill level 4 in Maces & Flails
  3582 | D:5      | Entered Level 5 of the Dungeon
  3585 | D:5      | Found a hide-covered altar of Uskayaw.
  3720 | D:5      | Found Pufeanie's Jewellery Shoppe.
  3820 | D:5      | Reached skill level 5 in Maces & Flails
  3847 | D:5      | Found a radiant altar of Vehumet.
  4378 | D:6      | Reached skill level 5 in Fighting
  4388 | D:6      | Noticed Prince Ribbit
  4395 | D:6      | Killed Prince Ribbit
  4395 | D:6      | Reached skill level 6 in Maces & Flails
  4487 | D:6      | Reached XP level 9. HP: 63/68 MP: 9/9
  4552 | D:6      | Found an iron altar of Okawaru.
  4553 | D:6      | Found a deep blue altar of Sif Muna.
  4559 | D:6      | Became a worshipper of Warmaster Okawaru
  4559 | D:6      | Reached * piety under Okawaru
  4559 | D:6      | Reached ** piety under Okawaru
  4763 | D:6      | Found a staircase to the Ecumenical Temple.
  4771 | D:6      | Got an ichor-stained scale mail
  4782 | D:6      | Identified the +5 scale mail of Starshine {*Drain Regen+ SInv} (You found it on level 6 of the Dungeon)
  4845 | D:6      | Reached skill level 7 in Maces & Flails
  4877 | D:6      | Got a twisted ring mail
  5485 | D:7      | Identified the +4 ring mail of Cuco {Str+5} (You took it off a wight on level 6 of the Dungeon)
  5559 | D:8      | Reached *** piety under Okawaru
  5587 | D:8      | Reached skill level 8 in Maces & Flails
  5604 | D:8      | Reached skill level 5 in Armour
  5607 | D:8      | Reached skill level 5 in Dodging
  5607 | D:8      | Reached skill level 5 in Stealth
  5763 | D:8      | Found Wyamifru's Weapon Boutique.
  5862 | D:8      | Found a blossoming altar of Fedhas.
  6127 | D:9      | Noticed a five-headed hydra
  6131 | D:9      | Reached XP level 10. HP: 76/76 MP: 10/10
  6139 | D:9      | Killed a five-headed hydra
  6173 | D:9      | Found a staircase to the Lair.
  6195 | D:9      | Reached **** piety under Okawaru
  6229 | D:8      | Reached skill level 9 in Maces & Flails
  6438 | D:9      | Reached ***** piety under Okawaru
  6478 | D:9      | Killed from afar by an orc priest

Vault maps used:
D:1:      tarquinn_simple_flora_water_a
D:2:      grunt_gozag_statues, first_bread, uniq_robin, uniq_natasha
D:3:      lemuel_crystal_altar, cheibrodos_sewer_entry_bend,
          evilmike_ruin_ashenzari, uniq_sigmund
D:4:      serial_undead, serial_undead_f, serial_undead_d, serial_undead_d,
          serial_undead_e, serial_shops, shop, minmay_hedge_maze
D:5:      wad_pebble_path, kennysheep_mini, vehumet_crystals, serial_shops,
          kennysheep_little_box
D:6:      gammafunk_temple_overflow_pools, minmay_temple_entry_statues,
          uniq_prince_ribbit1
D:8:      fedhas_altar_2, serial_shops, nicolae_shop_crystal,
          hangedman_abyss_or_decor_stabs
D:9:      minmay_overflow_temple_star_quad, due_lair_maze_entry_diamond,
          enter_bailey_2, uniq_erolcha
Sewer:    kennysheep_door_sewer

Skill      XL: |  1  2  3  4  5  6  7  8  9 10 |
---------------+-------------------------------+-----
Dodging        | 3 4 5 |  5.3
Long Blades    | 3 4 |  4.4
Stealth        | 2 3 4 5 |  5.5
Armour         | 1 2 3 5 6 |  6.7
Fighting       | 4 5 6 |  6.3
Maces & Flails | 2 3 6 8 9 |  9.8

Action                   |  1- 3 |  4- 6 |  7- 9 | 10-12 || total
-------------------------+-------+-------+-------+-------++-------
Melee: Falchion          |    58 |    30 |       |       ||    88
       Whip              |       |    78 |   465 |   133 ||   676
Throw: Stone             |       |       |     3 |       ||     3
  Use: Potion            |       |     5 |     1 |       ||     6
 Stab: Sleeping          |     2 |     4 |     3 |       ||     9
       Distracted        |       |       |     6 |     2 ||     8
  Eat: Chunk             |       |     4 |    13 |     1 ||    18
Armor: Leather armour    |    13 |    19 |     2 |       ||    34
       Robe              |     1 |       |       |       ||     1
       Chain mail        |       |       |   106 |       ||   106
       Scale mail        |       |       |    57 |    50 ||   107
Dodge: Dodged            |    42 |    57 |   190 |    69 ||   358
       Rpst.: Falchion   |    14 |     4 |       |       ||    18

Table legend:
 A = Spawn XP
 B = Non-spawn XP
 C = Spawn XP percentage of total XP
 D = Spawn monster count
 E = Non-spawn monster count
 F = Spawn count percentage of total count
 G = Total turns spent on level
                    A         B        C        D         E        F      G
               +---------+---------+-------+---------+---------+-------+---------
         Total |       0 |    9560 |   0.0 |       0 |     261 |   0.0 |  6478
               +---------+---------+-------+---------+---------+-------+---------
           D:1 |       0 |      31 |   0.0 |       0 |      17 |   0.0 |   465
           D:2 |       0 |     244 |   0.0 |       0 |      42 |   0.0 |  1266
           D:3 |       0 |     380 |   0.0 |       0 |      28 |   0.0 |   622
           D:4 |       0 |     892 |   0.0 |       0 |      34 |   0.0 |  1100
           D:5 |       0 |     483 |   0.0 |       0 |      30 |   0.0 |   752
           D:6 |       0 |    1323 |   0.0 |       0 |      26 |   0.0 |   748
           D:7 |       0 |     856 |   0.0 |       0 |      17 |   0.0 |   405
           D:8 |       0 |    2394 |   0.0 |       0 |      36 |   0.0 |   782
           D:9 |       0 |    2719 |   0.0 |       0 |      25 |   0.0 |   194
         Sewer |       0 |     238 |   0.0 |       0 |       6 |   0.0 |   144
               +---------+---------+-------+---------+---------+-------+---------
